 Dungeon Crawl Stone Soup version 0.23.2-1-ga50397a (webtiles) character file.

Game seed: 12040200864239701675

7346 wilfster70 the Magician (level 10, 0/56 HPs)
             Began as a Deep Elf Enchanter on May 10, 2019.
             Was a Priest of Wu Jian.
             Slain by an orc warrior
             ... wielding a +0 halberd
              (21 damage)
             ... on level 10 of the Dungeon.
             The game lasted 00:44:28 (11268 turns).

wilfster70 the Magician (Deep Elf Enchanter)       Turns: 11268, Time: 00:44:29

Health: 0/56       AC: 17    Str:  5    XL:     10   Next: 91%
Magic:  17/23      EV: 12    Int: 32    God:    Wu Jian [***...]
Gold:   416        SH:  5    Dex: 18    Spells: 13/24 levels left

rFire    . . .     SeeInvis .   a - +1 dagger (venom)
rCold    . . .     Gourm    .   B - +0 buckler
rNeg     . . .     Faith    .   r - +2 ring mail of Absence {Int+3}
rPois    .         Spirit   .   (no helmet)
rElec    .         Reflect  .   x - +1 cloak
rCorr    .         Harm     .   D - +2 pair of gloves
MR       +....                  s - +2 pair of boots
Stlth    +++.......             (no amulet)
HPRegen  0.18/turn              u - +3 ring of dexterity
MPRegen  0.18/turn              v - +5 ring of intelligence

@: no status effects
A: no striking features
a: Wall Jump, Serpent's Lash, Renounce Religion


You were on level 10 of the Dungeon.
You worshipped Wu Jian.
Wu Jian was most pleased with you.
You were hungry.

You visited 2 branches of the dungeon, and saw 11 of its levels.

You collected 632 gold pieces.
You spent 216 gold pieces at shops.

Inventory:

Hand Weapons
 a - a +1 dagger of venom (weapon)
 f - a +0 hunting sling
 y - a +0 blowgun
 C - a +0 trident of venom
Missiles
 b - 341 stones (quivered)
 z - 30 poisoned needles
Armour
 r - the +2 ring mail of Absence (worn) {Int+3}
   (You bought it in a shop on level 7 of the Dungeon)

   It affects your intelligence (+3).
 s - a +2 pair of boots (worn)
 x - a +1 cloak (worn)
 B - a +0 buckler (worn)
 D - a +2 pair of gloves (worn)
 E - a +2 robe of resistance
Jewellery
 p - an uncursed ring of poison resistance
 u - a +3 ring of dexterity (left hand)
 v - a +5 ring of intelligence (right hand)
 I - an uncursed ring of wizardry
Wands
 H - a wand of iceblast (5)
 J - a wand of polymorph (10)
Scrolls
 d - 4 scrolls of fog
 e - 6 scrolls of remove curse
 i - 3 scrolls of fear
 k - 2 scrolls of amnesia
 w - 3 scrolls of teleportation
 F - 2 scrolls of magic mapping
Potions
 c - a potion of flight
 g - 2 potions of berserk rage
 h - 2 potions of brilliance
 j - a potion of lignification
 l - a potion of mutation {unknown}
 m - 2 potions of invisibility
 n - 3 potions of might
 o - 3 potions of curing
 t - 5 potions of heal wounds
 A - 2 potions of haste
 K - a potion of ambrosia {unknown}
Comestibles
 q - 19 rations


   Skills:
 - Level 4.0 Fighting
 + Level 4.9 Short Blades
 - Level 5.7 Armour
 - Level 6.0 Dodging
 + Level 7.4 Stealth
 - Level 4.1 Shields
 + Level 7.5 Spellcasting
 - Level 6.1 Hexes
 - Level 6.0 Summonings
 + Level 2.8 Translocations
 - Level 6.0 Ice Magic


You had 13 spell levels left.
You knew the following spells:

 Your Spells              Type           Power        Failure   Level  Hunger
a - Summon Ice Beast      Ice/Summ       ######..     13%         4    #......
b - Ensorcelled Hibernat  Hex/Ice        ######       1%          2    None
c - Confuse               Hex            ######..     3%          3    None
g - Blink                 Tloc           N/A          8%          2    None

Your spell library contained the following spells:

 Spells                   Type           Power        Failure   Level  Hunger
 Corona                   Hex            ######.      1%          1    None
 Freeze                   Ice            ####         1%          1    None
 Call Imp                 Summ           ######..     1%          2    None
 Slow                     Hex            ######..     1%          2    None
 Tukima's Dance           Hex            ######..     3%          3    None
 Throw Frost              Conj/Ice       ####..       7%          2    None
 Dazzling Spray           Conj/Hex       ####..       13%         3    None
 Ozocubu's Armour         Chrm/Ice       ####....     14%         3    None
 Animate Skeleton         Necr           N/A          16%         1    None
 Magic Dart               Conj           ##..         16%         1    None
 Pain                     Necr           ##..         16%         1    None
 Throw Icicle             Conj/Ice       ####....     41%         4    #......
 Conjure Flame            Conj/Fire      ##......     43%         3    None
 Mephitic Cloud           Conj/Pois/Air  ##......     43%         3    None
 Regeneration             Chrm/Necr      ##........   43%         3    None
 Vampiric Draining        Necr           ##........   43%         3    None
 Animate Dead             Necr           N/A          83%         4    #......


Dungeon Overview and Level Annotations

Branches:
Dungeon (10/15)            Temple (1/1) D:4            Lair (0/6) D:8
    Orc: D:9-12

Altars:
Ashenzari
Cheibriados
Elyvilon
Fedhas
Gozag
Hepliaklqana
Kikubaaqudgha
Makhleb
Okawaru
Qazlal
Ru
Sif Muna
Trog
Uskayaw
Vehumet
Wu Jian
Xom
Yredelemnul
Zin
The Shining One

Shops:
D:5 }   D:7 *   D:9 %

Annotations:
D:8 Gastronok, Harold, Joseph
D:10 exclusion: oklob plant


Message History

The orc warrior hits you from afar with a +0 halberd.
The orc barely misses you. You block the orc's attack.
You hit the orc.
The orc is poisoned.
The orc is lightly wounded.
The orc hits you from afar with a +0 trident.
The orc warrior hits you from afar with a +0 halberd!
Casting: Ensorcelled Hibernation (safe; 1% risk of failure)
Confirm with . or Enter, or press ? or * to list all spells.
Aiming: Ensorcelled Hibernation (safe; 1% risk of failure)
Press: ? - help, Shift-Dir - straight line, f - orc
Aim: an orc, wielding a +0 flail (lightly wounded, poisoned, chance to defeat MR: 85%)
The orc looks drowsy...
The orc barely misses you.
The helpless orc fails to defend itself.
You skewer the orc like a kebab!!!
You kill the orc!
The Council accepts your kill. The orc warrior barely misses you.
The orc hits you with a +0 trident.
The orc warrior hits you with a +0 halberd!!
You die...

......!......... # ##..
......#....#.... .. #...
....#.##...##.#.# #. ##..#
..... #...##.#.# #.. #..#
......##)..##.#.# #..####.# .
...........##...# #......####.
.....#....##..# ###........
.........).#^.## #........##
.............o@######.##....##
$............o)<...##.####Z##
......#....#..##......# #.#
................#...## #.####
....................#####.....
.......<......####.......Z....
.............# #.#####......
.............. .............
....(.......#####..#........


You could see an orc warrior and an orc.

Vanquished Creatures
  A two-headed ogre (D:9)
  Psyche (D:9)
  2 trolls (D:9)
  A merfolk (D:9)
  Prince Ribbit (D:8)
  A hippogriff (D:8)
  Sigmund (D:2)
  A vampire (D:9)
  A wyvern (D:8)
  2 steam dragons (D:7)
  2 water moccasins
  3 ice beasts
  A black bear (D:7)
  4 sky beasts
  4 orc warriors
  2 phantoms
  A necrophage (D:9)
  4 ogres
  2 centaurs
  Blork the orc (D:4)
  A big kobold (D:7)
  2 bullfrogs
  A gnoll sergeant (D:4)
  A wyvern skeleton (D:7)
  14 killer bees
  2 howler monkeys
  4 wights
  5 crimson imps
  3 jellies
  6 orc priests
  A bullfrog skeleton (D:7)
  3 bullfrog zombies (D:5)
  A hound (D:7)
  6 orc wizards
  2 iguanas (D:4)
  10 worker ants
  A hound zombie (D:5)
  3 hound skeletons
  2 worker ant zombies (D:5)
  16 adders
  6 gnolls
  2 howler monkey skeletons (D:10)
  2 shadow imps
  2 adder skeletons
  A worm (D:4)
  3 dart slugs
  2 leopard geckos
  22 orcs
  5 giant cockroaches
  5 goblins
  8 hobgoblins
  2 jackals
  15 kobolds
  2 quokkas
  2 ball pythons (D:5)
  8 bats
  8 frilled lizards
  A leopard gecko zombie (D:5)
  5 rats
221 creatures vanquished.

Notes
Turn   | Place    | Note
-------+----------+-------------------------------------------
     0 | D:1      | wilfster70 the Deep Elf Enchanter began the quest for the
                  | Orb.
     0 | D:1      | Reached XP level 1. HP: 10/10 MP: 6/6
   611 | D:1      | Reached XP level 2. HP: 12/15 MP: 5/8
   630 | D:1      | Learned a level 2 spell: Ensorcelled Hibernation
  1512 | D:2      | Reached XP level 3. HP: 19/19 MP: 7/10
  1771 | D:2      | Reached skill level 5 in Stealth
  1780 | D:2      | Reached XP level 4. HP: 23/24 MP: 2/11
  1855 | D:2      | Learned a level 3 spell: Confuse
  2347 | D:2      | Noticed Sigmund
  2353 | D:2      | Killed Sigmund
  2353 | D:2      | Reached skill level 5 in Spellcasting
  2353 | D:2      | Reached skill level 5 in Hexes
  2353 | D:2      | Reached XP level 5. HP: 28/28 MP: 6/14
  2607 | D:3      | Reached XP level 6. HP: 32/32 MP: 13/15
  3574 | D:4      | Noticed Blork the orc
  3767 | D:4      | Killed Blork the orc
  4288 | D:4      | Found a staircase to the Ecumenical Temple.
  4299 | Temple   | Entered the Ecumenical Temple
  4303 | Temple   | Became a worshipper of the Wu Jian Council
  4532 | D:4      | Reached XP level 7. HP: 37/37 MP: 18/18
  4592 | D:4      | Found a bloodstained altar of Trog.
  4645 | D:4      | Reached skill level 1 in Fighting
  4980 | D:5      | Entered Level 5 of the Dungeon
  5052 | D:5      | Learned a level 4 spell: Summon Ice Beast
  5335 | D:4      | HP: 2/40 [poisoned by a gnoll sergeant]
  5343 | D:4      | HP: 1/40 [poisoned by a gnoll sergeant]
  5789 | D:5      | Reached * piety under Wu Jian
  6102 | D:4      | Reached XP level 8. HP: 28/45 MP: 16/19
  6279 | D:5      | Found a burning altar of Makhleb.
  6328 | D:5      | Found Wirewiq's Gadget Boutique.
  6353 | D:5      | Reached skill level 5 in Dodging
  6383 | D:5      | Found a deep blue altar of Sif Muna.
  6492 | D:5      | Reached skill level 1 in Shields
  7049 | D:6      | Reached skill level 1 in Ice Magic
  7171 | D:6      | Learned a level 2 spell: Blink
  7443 | D:7      | Found Miuxar's Assorted Antiques.
  7448 | D:7      | Bought a spiked ring mail for 216 gold pieces
  7499 | D:7      | Reached skill level 1 in Summonings
  7561 | D:7      | Found a stormy altar of Qazlal.
  7568 | D:7      | Reached XP level 9. HP: 45/52 MP: 15/20
  7571 | D:7      | Found a snail-covered altar of Cheibriados.
  7573 | D:7      | Found a shimmering altar of Xom.
  7584 | D:7      | Found a glowing golden altar of the Shining One.
  7587 | D:7      | Found a hide-covered altar of Uskayaw.
  7614 | D:7      | Reached ** piety under Wu Jian
  7982 | D:7      | Found a sacrificial altar of Ru.
  8176 | D:7      | Reached skill level 1 in Armour
  8541 | D:8      | Identified the +2 ring mail of Absence {Int+3} (You bought
                  | it in a shop on level 7 of the Dungeon)
  8589 | D:8      | Noticed Gastronok
  8590 | D:8      | Noticed Joseph
  8775 | D:8      | Noticed Prince Ribbit
  8778 | D:8      | Killed Prince Ribbit
  8896 | D:8      | Reached skill level 5 in Ice Magic
  9198 | D:8      | Noticed Harold
  9205 | D:8      | Reached XP level 10. HP: 56/56 MP: 18/21
  9360 | D:7      | Reached *** piety under Wu Jian
  9492 | D:8      | Reached skill level 5 in Summonings
  9493 | D:8      | Found a staircase to the Lair.
  9741 | D:9      | Noticed a two-headed ogre
  9755 | D:9      | Killed a two-headed ogre
  9755 | D:9      | Reached skill level 5 in Armour
 10084 | D:9      | Found Voihowu's Food Emporium.
 10439 | D:9      | Reached skill level 1 in Translocations
 10852 | D:10     | Entered Level 10 of the Dungeon
 10904 | D:10     | Noticed an oklob plant
 10907 | D:10     | Noticed Psyche
 11190 | D:9      | Killed Psyche
 11268 | D:10     | Slain by an orc warrior

Skill      XL: |  1  2  3  4  5  6  7  8  9 10 |
---------------+-------------------------------+-----
Stealth        | 4 5 6 7 |  7.4
Spellcasting   | 5 6 7 |  7.5
Hexes          | 5 6 |  6.1
Dodging        | 3 4 6 |  6.0
Fighting       | 2 4 |  4.0
Short Blades   | 3 4 |  4.9
Shields        | 3 4 |  4.1
Ice Magic      | 2 5 6 |  6.0
Summonings     | 1 4 6 |  6.0
Armour         | 3 5 |  5.7
Translocations | 2 |  2.8

Action                   |  1- 3 |  4- 6 |  7- 9 | 10-12 || total
-------------------------+-------+-------+-------+-------++-------
Melee: Dagger            |    99 |    52 |   253 |    90 ||   494
 Cast: Corona            |     9 |       |       |       ||     9
       Ensorcelled Hiber |    18 |    36 |   106 |    57 ||   217
       Confuse           |       |     5 |    23 |     8 ||    36
       Summon Ice Beast  |       |       |       |     1 ||     1
Invok: Lunge             |       |     2 |    39 |    18 ||    59
       Whirlwind         |       |       |    17 |     8 ||    25
  Use: Scroll            |     2 |    11 |    10 |     4 ||    27
 Stab: Sleeping          |    17 |    34 |    76 |    42 ||   169
       Confused          |       |     3 |    18 |     8 ||    29
       Distracted        |       |       |     1 |       ||     1
  Eat: Ration            |     1 |       |       |       ||     1
       Chunk             |       |     8 |    15 |     6 ||    29
Armor: Robe              |    16 |     9 |    47 |    12 ||    84
       Ring mail         |       |       |       |    23 ||    23
Dodge: Dodged            |    81 |    36 |   208 |    48 ||   373
Block: Buckler           |       |       |     7 |    22 ||    29
